 Dungeon Crawl Stone Soup version 0.31-a0-369-g8eba5f6939 (webtiles) character file.

Game seed: 11399120402945046437

71824 eruonna the Brawler (level 14, -5/143 HPs)
             Began as a Troll Warper on July 28, 2023.
             Was a High Priest of Okawaru.
             Slain by a death yak (19 damage)
             ... on level 5 of the Lair of Beasts on July 29, 2023.
             The game lasted 01:48:35 (15132 turns).

eruonna the Brawler (Troll Warper)                 Turns: 15132, Time: 01:48:37

Health: -5/143     AC: 14    Str: 33    XL:     14   Next: 99%
Magic:  13/19      EV: 11    Int: 15    God:    Okawaru [*****.]
Gold:   1285       SH:  0    Dex:  9    Spells: 4/15 levels left

rFire   + .          .
                       - Unarmed
rCold   . . .        (no shield)
rNeg    . . .        C - +6 troll leather armour "Yqiwk" {rF+ Regen+ Str+3}
rPois   +            M - +0 hat {Will+}
rElec   +            Q - scarf of Goemyz {+Inv, rElec rCorr Int+4}
rCorr   +            (gloves unavailable)
SInv    .            (boots unavailable)
Will    ++...        (no amulet)
Stlth   ++           g - ring of poison resistance
HPRegen 2.03/turn    q - +6 ring of strength
MPRegen 0.16/turn

%: no passive effects
@: heroic, finesse-ful, slowed, very slow
A: large, unfitting armour, claws 3, regeneration 1, shaggy fur 1, tough skin 1,
iridescent scales 1, frail 1
a: Renounce Religion, Evoke Invisibility, Heroism, Finesse, Duel


You were on level 5 of the Lair of Beasts.
You worshipped Okawaru.
Okawaru was extremely pleased with you.
You visited 3 branches of the dungeon, and saw 17 of its levels.

You collected 1691 gold pieces.
You spent 406 gold pieces at shops.

Inventory:

Missiles
 c - 6 boomerangs of dispersal
 e - 4 large rocks
 h - 6 boomerangs (quivered)
 j - 30 stones
 u - 13 throwing nets
Armour
 a - +0 acid dragon scales
 n - a +0 cloak
 w - a +2 robe of willpower
 C - the +6 troll leather armour "Yqiwk" (worn) {rF+ Regen+ Str+3}
   (Okawaru gifted it to you on level 10 of the Dungeon)

   Str:       It affects your strength (+3).
   rF:        It protects you from fire.
   Regen:     It increases your rate of health regeneration.
 K - the scarf "Kumoq" {harm, +Blink}
   (Okawaru gifted it to you on level 10 of the Dungeon)

   +Blink:    It lets you blink.
 M - a +0 hat of willpower (worn)
 Q - the scarf of Goemyz (worn) {+Inv, rElec rCorr Int+4}
   (Okawaru gifted it to you on level 2 of the Lair of Beasts)

   Int:       It affects your intelligence (+4).
   rElec:     It insulates you from electricity.
   rCorr:     It protects you from acid and corrosion.
Jewellery
 g - a ring of poison resistance (left claw)
 p - a ring of positive energy
 q - a +6 ring of strength (right claw)
 L - a +5 ring of evasion
 N - an amulet of guardian spirit
 P - a ring of willpower
 R - a ring of wizardry
 S - a +5 ring of evasion
Talismans
 d - a talisman of death
Wands
 m - a wand of paralysis (26)
 o - a wand of roots (25)
 r - a wand of flame (18)
 I - a wand of polymorph (3)
 J - a wand of mindburst (7)
 U - a wand of acid (5)
Scrolls
 b - 6 scrolls of blinking
 s - 6 scrolls of identify
 z - 3 scrolls of immolation
 A - 2 scrolls of enchant armour
 B - 5 scrolls of teleportation
 D - 2 scrolls of amnesia
 T - a scroll of enchant weapon
 V - a scroll of poison
Potions
 f - a potion of attraction
 i - 5 potions of curing
 k - 6 potions of brilliance
 l - 4 potions of heal wounds
 t - 3 potions of cancellation
 E - a potion of resistance
 F - a potion of might
 G - a potion of ambrosia
 H - a potion of lignification
 O - 2 potions of haste
Miscellaneous
 v - a phial of floods
 x - a lightning rod (4/4)
 y - a piece from Xom's chessboard (15/15)


   Skills:
 + Level 15.0(20.0) Fighting
 - Level 5.0(10.0) Throwing
 - Level 1.9(6.9) Dodging
 - Level 0.3(5.3) Stealth
 - Level 15.0(20.0) Unarmed Combat
 - Level 1.2 Spellcasting
 - Level 8.0 Translocations
 - Level 8.0 Invocations


You had 4 spell levels left.
You knew the following spells:

 Your Spells              Type           Power      Damage    Failure   Level
a - Blink                 Tloc           48%        N/A       1%          2
b - Lesser Beckoning      Tloc           48%        N/A       1%          2
c - Teleport Other        Tloc           24%        N/A       3%          3
d - Manifold Assault      Tloc           24%        N/A       10%         4

Your spell library contained the following spells:

 Spells                   Type           Power      Damage    Failure   Level
 Momentum Strike          Conj/Tloc      24%        3d8       8%          2
 Vhi's Electric Charge    Tloc/Air       24%        N/A       16%         3
 Volatile Blastmotes      Fire/Tloc      24%        2d12      16%         3
 Magic Dart               Conj           0%         1d3       26%         1
 Sandblast                Erth           0%         2d4       26%         1
 Passwall                 Tmut/Erth      0%         N/A       36%         2
 Sublimation of Blood     Necr           0%         N/A       36%         2
 Wereblood                Tmut           0%         N/A       36%         2
 Dazzling Flash           Conj/Hex       0%         N/A       61%         3
 Ignite Poison            Fire/Tmut/Pois 0%         N/A       61%         3
 Mephitic Cloud           Conj/Pois/Air  0%         N/A       61%         3
 Stone Arrow              Conj/Erth      0%         3d7       61%         3
 Olgreb's Toxic Radiance  Pois           0%         N/A       95%         4
 Sticky Flame             Conj/Fire      0%         2d3       95%         4
 Borgnjor's Vile Clutch   Necr/Erth      0%         N/A       100%        5
 Irradiate                Conj/Tmut      0%         3d11      100%        5
 Starburst                Conj/Fire      0%         6d3       100%        6
 Discord                  Hex            0%         N/A       100%        8
 Ignition                 Fire           0%         3d3       100%        8
 Maxwell's Capacitive Co  Air            0%         ∞         100%        8
 Call Imp                 Summ           Unusable   N/A       N/A         2
 Animate Dead             Necr           Unusable   N/A       N/A         4
 Death Channel            Necr           Unusable   N/A       N/A         6
 Summon Hydra             Summ           Unusable   N/A       N/A         7

Dungeon Overview and Level Annotations

Branches:
Dungeon (11/15)            Temple (0/1) D:4            Lair (5/5) D:10
 Shoals (0/4) Lair:3        Snake (1/4) Lair:2        Slime (0/5) Lair:5
    Orc (0/2) D:11

Altars:
Dithmenos
Gozag
Hepliaklqana
Kikubaaqudgha
Makhleb
Nemelex Xobeh
Okawaru
Uskayaw
Vehumet
Jiyva

Shops:
D:8 !?


Innate Abilities, Weirdness & Mutations

You are too large for most types of armour.
You have claws for hands.
Your natural rate of healing is unusually fast.
You are covered in fur. (AC +1)
You have tough skin. (AC +1)
You are partially covered in iridescent scales. (AC +2)
You are frail. (-10% HP)


Message History

You throw a boomerang.
The boomerang barely misses the death yak.
The death yak gores you!!
You eviscerate the death yak!!! You claw the death yak!
The death yak is severely wounded.
The death yak gores you but does no damage.
The death yak gores you!!
You eviscerate the death yak!!!
You kill the death yak!
Okawaru accepts your kill.
Training target 8.0 for Invocations reached!
Your Invocations skill increases to level 8!
You need to enable at least one skill for training.
Okay, then.
You eviscerate the death yak!!!
The death yak is severely wounded.
You feel yourself speed up. The death yak gores you.
Being near the torpor snail leaves you feeling lethargic.
The death yak gores you. The death yak gores you!
You mangle the death yak!!
The death yak is moderately wounded.
You scratch the death yak but do no damage.
The death yak is moderately wounded.
The death yak gores you but does no damage.
The death yak gores you!!
You scratch the death yak.
The death yak is moderately wounded.
The death yak gores you but does no damage. x2
You scratch the death yak.
The death yak is severely wounded.
The death yak gores you! x2
* * * LOW HITPOINT WARNING * * *
You can now deal lightning-fast blows.
The death yak misses you. The death yak gores you!
* * * LOW HITPOINT WARNING * * *
The death yak gores you!
* * * LOW HITPOINT WARNING * * *
The death yak gores you!!
You die...

....?....##
...#....†P#
..#.......#
...#.....##
.....#....#
..........##
..........#
........Y##
.......wY@#
........Y##
..........
........Y
.........#
.........#
........##
.......


You could see 3 death yaks and a torpor snail.

Vanquished Creatures
  Gastronok (Lair:1)
  Josephine (D:10)
  Harold (D:9)
  5 hydras
  Erica (D:10)
  A two-headed ogre (D:9)
  13 death yaks
  5 skysharks
  A sea snake (Lair:5)
  Pikel (D:6)
  2 lindwurms (Lair:2)
  2 harpies (Lair:5)
  A cyclops (D:7)
  3 manticores
  Joseph (D:7)
  8 black mambas
  30 elephants
  7 cane toads
  A torpor snail (D:10)
  Maggie (D:6)
  5 komodo dragons
  An unseen horror (D:7)
  5 kobold demonologists (D:10)
  2 rime drakes
  5 trolls
  2 hornets
  3 polar bears
  25 blink frogs
  A slime creature (D:7)
  2 snapping turtles (Lair:5)
  17 dream sheep
  A shadow (D:11)
  5 wraiths
  6 wyverns
  A vampire mosquito (D:7)
  79 yaks
  A steam dragon (Lair:5)
  3 basilisks
  Grum (D:8)
  Menkaure (D:5)
  Edmund (D:6)
  11 water moccasins
  3 nagas (Lair:2)
  Duvessa (D:5)
  3 orc warriors
  An ice beast (D:6)
  13 wolves
  3 ogres
  5 centaurs
  12 bullfrogs
  A gnoll sergeant (D:9)
  4 scorpions
  12 wights
  Dowan (D:5)
  13 killer bees
  6 howler monkeys
  A crimson imp (D:10)
  7 orc priests
  5 hounds
  7 jellies
  A gnoll bouda (D:7)
  A sleepcap (D:7)
  7 iguanas
  16 orc wizards
  Robin (D:2)
  15 gnolls
  5 adders
  2 shadow imps
  3 white imps
  An ufetubus (D:7)
  4 worms
  A dart slug (D:4)
  30 orcs
  7 ball pythons
  11 endoplasms
  7 giant cockroaches
  11 goblins
  10 hobgoblins
  6 jackals
  3 quokkas
  2 bats
  6 frilled lizards
  8 kobolds
  5 rats
525 creatures vanquished.

Notes
Turn   | Place    | Note
-------+----------+-------------------------------------------
     0 | D:1      | eruonna the Troll Warper began the quest for the Orb.
     0 | D:1      | Reached XP level 1. HP: 19/19 MP: 1/1
   305 | D:1      | Reached XP level 2. HP: 27/27 MP: 2/2
   308 | D:1      | Learned a level 2 spell: Blink
  1072 | D:2      | Reached XP level 3. HP: 33/33 MP: 3/3
  1076 | D:2      | Learned a level 2 spell: Lesser Beckoning
  1330 | D:2      | Noticed Robin
  1476 | D:2      | Killed Robin
  1477 | D:2      | Reached XP level 4. HP: 41/41 MP: 4/4
  2010 | D:3      | Found a faded altar of an unknown god.
  2069 | D:3      | Prayed at the altar of an unknown god.
  2069 | D:3      | Became a worshipper of Warmaster Okawaru
  2069 | D:3      | Reached * piety under Okawaru
  2232 | D:3      | Found an ancient bone altar of Kikubaaqudgha.
  2370 | D:3      | You fall into a shaft and drop 3 floors!
  2391 | D:6      | Reached skill level 5 in Unarmed Combat
  2391 | D:6      | Reached XP level 5. HP: 47/48 MP: 5/5
  2509 | D:6      | Noticed an ogre
  2550 | D:5      | Entered Level 5 of the Dungeon
  2553 | D:4      | Found a staircase to the Ecumenical Temple.
  2760 | D:3      | Found a sparkling altar of Nemelex Xobeh.
  2935 | D:4      | Found a hazy altar of Hepliaklqana.
  3247 | D:4      | Reached XP level 6. HP: 55/55 MP: 6/6
  3515 | D:5      | Noticed Menkaure
  3546 | D:5      | Reached XP level 7. HP: 62/62 MP: 7/7
  3600 | D:5      | Reached ** piety under Okawaru
  3641 | D:5      | Killed Menkaure
  3766 | D:5      | Noticed Dowan
  3766 | D:5      | Noticed Duvessa
  3804 | D:5      | Killed Duvessa
  3807 | D:5      | Killed Dowan
  4031 | D:5      | Reached XP level 8. HP: 78/79 MP: 5/8
  4038 | D:5      | Gained mutation: You are frail. (-10% HP) [potion of
                  | mutation]
  4038 | D:5      | Gained mutation: You are partially covered in iridescent
                  | scales. (AC +2) [potion of mutation]
  4174 | D:6      | Identified a scroll of acquirement
  4174 | D:6      | Acquired 542 gold pieces
  4222 | D:6      | Learned a level 3 spell: Teleport Other
  4236 | D:6      | Noticed Edmund
  4247 | D:6      | Killed Edmund
  4248 | D:6      | Reached skill level 5 in Fighting
  4542 | D:6      | Found a hide-covered altar of Uskayaw.
  4609 | D:6      | Noticed Pikel
  4619 | D:6      | Noticed Maggie
  4623 | D:6      | Killed Pikel
  4623 | D:6      | Reached *** piety under Okawaru
  4632 | D:6      | Killed Maggie
  4633 | D:6      | Reached XP level 9. HP: 69/86 MP: 6/9
  5337 | D:7      | Noticed a komodo dragon
  5351 | D:7      | Killed a komodo dragon
  5393 | D:7      | Reached **** piety under Okawaru
  5446 | D:7      | Noticed a manticore
  5453 | D:7      | Killed a manticore
  5454 | D:7      | Reached skill level 10 in Fighting
  5458 | D:7      | Identified the +1 robe of a wizard's laboratory {Str-2
                  | Int+6}
  5459 | D:7      | Reached XP level 10. HP: 33/99 MP: 7/10
  5459 | D:7      | Noticed a cyclops
  5805 | D:7      | Killed a cyclops
  6114 | D:7      | Noticed Joseph
  6121 | D:7      | Killed Joseph
  6448 | D:8      | Found a shadowy altar of Dithmenos.
  6563 | D:8      | Paralysed by a hornet for 2 turns
  6568 | D:8      | Reached skill level 10 in Unarmed Combat
  6713 | D:8      | Noticed Grum
  6724 | D:8      | Reached skill level 1 in Invocations
  6741 | D:8      | Killed Grum
  6786 | D:8      | Found Pioston's Distillery.
  6796 | D:8      | Bought a potion of heal wounds for 80 gold pieces
  6796 | D:8      | Bought a potion of heal wounds for 80 gold pieces
  6919 | D:8      | Found Ruism's Magic Scroll Emporium.
  6927 | D:8      | Bought a scroll of identify for 24 gold pieces
  6927 | D:8      | Bought a scroll of enchant armour for 90 gold pieces
  6927 | D:8      | Bought a scroll of teleportation for 36 gold pieces
  6927 | D:8      | Bought a scroll of identify for 24 gold pieces
  6927 | D:8      | Bought a scroll of identify for 24 gold pieces
  6927 | D:8      | Bought a scroll of fog for 48 gold pieces
  7932 | D:9      | Reached ***** piety under Okawaru
  7943 | D:9      | Reached skill level 5 in Invocations
  7943 | D:9      | Reached XP level 11. HP: 93/105 MP: 13/13
  7981 | D:9      | Noticed Harold
  7996 | D:9      | Paralysed by Harold for 3 turns
  8004 | D:9      | Killed Harold
  8014 | D:9      | Noticed a two-headed ogre
  8039 | D:9      | Killed a two-headed ogre
  8556 | D:10     | Entered Level 10 of the Dungeon
  8556 | D:10     | Noticed Erica
  8567 | D:10     | Killed Erica
  8686 | D:10     | Found an opulent altar of Gozag.
  8865 | D:10     | Noticed a death yak
  8881 | D:10     | Killed a death yak
  8902 | D:10     | Noticed a death yak
  8902 | D:10     | Noticed a death yak
  8902 | D:10     | Noticed a death yak
  8902 | D:10     | Noticed a death yak
  8914 | D:10     | Noticed a death yak
  8933 | D:10     | Killed a death yak
  8936 | D:10     | Killed a death yak
  8936 | D:10     | Identified the +6 troll leather armour "Yqiwk" {rF+ Regen+
                  | Str+3} (Okawaru gifted it to you on level 10 of the
                  | Dungeon)
  8936 | D:10     | Received a gift from Okawaru
  8941 | D:10     | Killed a death yak
  8945 | D:10     | Killed a death yak
  8946 | D:10     | Reached XP level 12. HP: 60/113 MP: 8/14
  8953 | D:10     | Killed a death yak
  8971 | D:10     | Found a staircase to the Lair.
  8980 | Lair:1   | Entered Level 1 of the Lair of Beasts
  9018 | D:10     | Noticed Josephine
  9031 | D:10     | Killed Josephine
  9245 | D:10     | Reached skill level 15 in Unarmed Combat
  9253 | D:10     | Found a burning altar of Makhleb.
  9254 | D:10     | Found a radiant altar of Vehumet.
  9262 | D:10     | Reached skill level 1 in Throwing
  9780 | D:11     | Found a staircase to the Orcish Mines.
  9793 | D:11     | Reached skill level 5 in Throwing
 10245 | D:10     | Identified the scarf "Kumoq" {harm, +Blink} (Okawaru gifted
                  | it to you on level 10 of the Dungeon)
 10245 | D:10     | Received a gift from Okawaru
 10566 | Lair:1   | Reached ****** piety under Okawaru
 10570 | Lair:1   | Reached XP level 13. HP: 123/123 MP: 15/15
 10927 | Lair:1   | Noticed Gastronok
 10940 | Lair:1   | Killed Gastronok
 11042 | Lair:2   | Found a staircase to the Snake Pit.
 11097 | Snake:1  | Entered Level 1 of the Snake Pit
 11477 | Lair:2   | Identified the scarf of Goemyz {+Inv, rElec rCorr Int+4}
                  | (Okawaru gifted it to you on level 2 of the Lair of Beasts)
 11477 | Lair:2   | Received a gift from Okawaru
 11670 | Lair:2   | You fall into a shaft and drop 2 floors!
 12344 | Lair:3   | Found a staircase to the Shoals.
 12949 | Lair:3   | Reached XP level 14. HP: 134/141 MP: 16/16
 12994 | Lair:3   | Received a gift from Okawaru
 13674 | Lair:4   | Reached skill level 15 in Fighting
 13710 | Lair:4   | Reached skill level 5 in Translocations
 14224 | Lair:5   | Entered Level 5 of the Lair of Beasts
 14231 | Lair:5   | Received a gift from Okawaru
 14585 | Lair:5   | Identified the +0 kite shield of Perfidy {rElec rN+}
                  | (Okawaru gifted it to you on level 5 of the Lair of Beasts)
 14585 | Lair:5   | Received a gift from Okawaru
 14621 | Lair:5   | Learned a level 4 spell: Manifold Assault
 14708 | Lair:5   | Found a viscous altar of Jiyva.
 14709 | Lair:5   | Found a staircase to the Slime Pits.
 15132 | Lair:5   | Slain by a death yak

Illustrated notes

Levels and vault maps discovered:
D:1:      dpeg_arrival_brainrot, layout_loops_ring, minmay_bisected
D:2:      minmay_inner_zag, layout_basic, serial_glass, glass_columns_b,
          glass_columns_a, st_stairs_4, minmay_heptomino_d4, uniq_robin
D:3:      layout_loops_ring, nicolae_overflow_crystal_walls,
          general_overflow_altar, serial_bayou, serial_bayou_lagoon_a,
          serial_bayou_pond_d, serial_bayou_crossing, serial_bayou_pond_c,
          serial_bayou_pond_d, hellmonk_ecumenical_altar_pennies_from_heaven
D:4:      layout_loops_ring, nicolae_hepliaklqana_hazy_memory,
          minmay_temple_entry_large_hall, minivault_24
D:5:      layout_cave_pools, minmay_liquid_box,
          minmay_fractal_squares_gapless_5, uniq_menkaure, uniq_duvessa
D:6:      layout_loops_corners, mainiacjoe_overflow_brackets, enter_ossuary_5,
          uniq_edmund, uniq_maggie, uniq_pikel
D:7:      minmay_the_grid_octo_2x2 [minmay_the_grid_octo_tetromino_candy,
          minmay_the_grid_octo_chip, minmay_the_grid_octo_77,
          minmay_the_grid_octo_prize_star], layout_basic, enter_bailey_2,
          uniq_joseph
D:8:      layout_layer_cave, lemuel_coloured_pillars_altar, serial_shops, shop,
          shop, uniq_grum
D:9:      layout_loops_ring, uniq_harold
D:10:     layout_basic, grunt_temple_overflow_lords_of_destruction,
          mainiacjoe_overflow_cross_hatched, dpeg_lair_monsters, uniq_erica,
          uniq_josephine
D:11:     layout_basic, minmay_orc_entry_temple_small
Lair:1:   layout_hall_layers, grunt_megastairs_5, serial_bayou_shore_a,
          uniq_gastronok
Lair:2:   layout_roguey, guppyfry_snake_entry_garden,
          chequers_serial_rivers_marsh, nicolae_lair_lindhole
Lair:3:   layout_cave_pods, elwin_shoals_entry_rocks
Lair:4:   layout_regular_city, fungi_pond_lemuel, serial_bayou_shore_b,
          grunt_megastairs_4
Lair:5:   gammafunk_lair_ancient_temple, layout_gridlike,
          dpeg_slime_entry_enclosed
Snake:1:  layout_layer_cave, grunt_ministairs_12, lemuel_oklob_altar,
          uniq_azrael, uniq_jorgrun

Skill      XL: |  1  2  3  4  5  6  7  8  9 10 11 12 13 14 |
---------------+-------------------------------------------+-----
Unarmed Combat | 3 4 5 6 10 14 15 | 15.0
Translocations | 4 8 |  8.0
Fighting       | 4 7 10 11 14 15 | 15.0
Invocations    | 5 8 |  8.0
Throwing       | 5 |  5.0
Dodging        | |  1.9
Stealth        | |  0.3
Spellcasting   | |  1.2

Action                     |  1- 3 |  4- 6 |  7- 9 | 10-12 | 13-15 || total
---------------------------+-------+-------+-------+-------+-------++-------
  Melee: Unarmed           |   114 |   127 |   197 |   520 |   580 ||  1538
         Punch             |     1 |     2 |    13 |    31 |    59 ||   106
  Throw: Stone             |       |     2 |     4 |    14 |    69 ||    89
         Boomerang         |       |     1 |       |       |    23 ||    24
         Large rock        |       |       |       |     2 |    12 ||    14
   Cast: Lesser Beckoning  |       |       |     1 |       |       ||     1
         Blink             |       |       |       |     1 |     1 ||     2
         Teleport Other    |       |       |       |     1 |       ||     1
 Invoke: Heroism           |       |     1 |     6 |    12 |     7 ||    26
         Finesse           |       |       |       |     1 |     2 ||     3
  Evoke: Wand              |       |       |     4 |    10 |    11 ||    25
    Use: Scroll            |     5 |     4 |     6 |     5 |     5 ||    25
         Potion            |       |       |     1 |     4 |     2 ||     7
   Stab: Sleeping          |       |     1 |       |       |       ||     1
 Armour: Robe              |    17 |    22 |    38 |       |       ||    77
         Acid dragon scale |       |       |    37 |    98 |       ||   135
         Troll leather arm |       |       |       |    90 |   256 ||   346
  Dodge: Dodged            |    43 |    30 |    71 |   191 |   211 ||   546

Table legend: (Time is in decaauts)
 A = Elapsed time spent in this place.
 B = Non-inter-level travel time spent in this place.
 C = Inter-level travel time spent in this place.
 D = Time resting spent in this place.
 E = Time spent auto-exploring this place.
 F = Levels seen in this place.
 G = Mean time per level.
                   A        B        C        D        E       F      G
               +--------+--------+--------+--------+--------+-----+--------+
         Total |  14811 |  14444 |    367 |   1012 |   9015 |  17 |  871.2 |
       Dungeon |  10154 |   9884 |    270 |    442 |   6588 |  11 |  923.1 |
          Lair |   4655 |   4558 |     97 |    569 |   2427 |   5 |  931.0 |
     Snake Pit |      1 |      1 |      0 |      0 |      0 |   1 |    1.0 |
               +--------+--------+--------+--------+--------+-----+--------+

Top non-repeatable levels by time:
     D:8: 1321 daAuts
     D:7: 1223 daAuts
  Lair:3: 1219 daAuts
     D:6: 1123 daAuts
  Lair:4: 1094 daAuts
     D:2: 1036 daAuts
    D:10: 920 daAuts
     D:1: 888 daAuts
  Lair:2: 881 daAuts
     D:9: 825 daAuts
    D:11: 758 daAuts
  Lair:5: 752 daAuts
     D:5: 729 daAuts
     D:3: 714 daAuts
  Lair:1: 708 daAuts
